 Dungeon Crawl Stone Soup version 0.18-a0-1799-g6250cb2 (webtiles) character file.

146 Gottschkopf the Shield-Bearer (level 5, -1/45 HPs)
             Began as a Minotaur Fighter on Apr 23, 2016.
             Slain by Grinder (8 damage)
             ... on level 3 of the Dungeon.
             The game lasted 00:05:18 (1976 turns).

Gottschkopf the Shield-Bearer (Minotaur Fighter)    Turns: 1976, Time: 00:05:19

Health: -1/45      AC:  6    Str: 26    XL:     5   Next: 7%
Magic:  4/4        EV:  8    Int:  5    God:
Gold:   184        SH: 11    Dex: 10    Spells: 0 memorised, 4 levels left

rFire  + . .     SeeInvis .     a - +1 long sword
rCold  . . .     Gourm    .     b - +0 scale mail
rNeg   . . .     Faith    .     c - +0 shield
rPois  .         Spirit   .     (helmet restricted)
rElec  .         Dismiss  .     (no cloak)
rCorr  .         Reflect  .     (no gloves)
SustAt .         Harm     .     (no boots)
MR     +....                    (no amulet)
Stlth  ..........               h - ring of protection from fire
                                i - ring of protection from magic

@: mighty, somewhat resistant to hostile enchantments, extremely unstealthy
A: retaliatory headbutt, horns 2
a: no special abilities


You were on level 3 of the Dungeon.
You were not hungry.

You visited 1 branch of the dungeon, and saw 3 of its levels.

You collected 184 gold pieces.

Inventory:

Hand Weapons
 a - a +1 long sword (weapon)
 n - a +0 mace of crushing
Armour
 b - a +0 scale mail (worn)
 c - a +0 shield (worn)
Jewellery
 h - a ring of protection from fire (right hand)
 i - a ring of protection from magic (left hand)
 k - an uncursed ring of positive energy
Scrolls
 j - 2 scrolls of identify {unknown}
 q - 2 scrolls of noise {unknown}
 r - a scroll of blinking {unknown}
 u - a scroll of magic mapping {unknown}
 v - a scroll of enchant weapon
 w - a scroll of random uselessness {unknown}
 x - a scroll of enchant armour {unknown}
 y - a scroll of fog {unknown}
Potions
 d - 2 potions of might
 e - a potion of ambrosia {unknown}
 l - a potion of flight {unknown}
 m - a potion of heal wounds {unknown}
 o - 2 potions of curing {unknown}
 p - a potion of invisibility {unknown}
 t - a potion of resistance {unknown}
Comestibles
 f - 4 bread rations
 g - 7 chunks of flesh
 s - 4 fruits


   Skills:
 - Level 3.6 Fighting
 - Level 2.4 Long Blades
 - Level 3.6 Armour
 * Level 7.0 Shields


You had 4 spell levels left.
You didn't know any spells.

Dungeon Overview and Level Annotations

Branches:
Dungeon (3/15)

Altars:
Sif Muna

Annotations:
D:3 Grinder


Innate Abilities, Weirdness & Mutations

You reflexively headbutt those who attack you in melee.
You have a pair of horns on your head.


Message History

You hit Grinder. Your headbutt misses Grinder.
Grinder is moderately wounded.
The dart slug launches a dart at you. The slug dart misses you.
Grinder hits you but does no damage.
Drink which item? (? for menu, Esc to quit)
You feel very mighty all of a sudden. You block Grinder's attack.
The dart slug launches a dart at you. The slug dart hits you!
* * * LOW HITPOINT WARNING * * *
You slash Grinder! Your headbutt misses Grinder.
Grinder is severely wounded.
You block Grinder's attack.
You slash Grinder!
Grinder is almost dead.
Grinder gestures at you. You resist with almost no effort.
The dart slug launches a dart at you. You block the slug dart.
Grinder hits you!
You die...

##..# #..# # ##..#
.# . ....# .w#..
.##.# ####.#
#####...
.##.###...... .
.....##.. .##.....#
.#.# #........
.####...#...#.###†#
.# #.#####....5@)#
.# #...#...#.###.#
.# ###.#..##.# #.#
#....##.###.#
##.#.#...##.#####.
#.#...#...........
..###...#..#####.#
#### ##.##.....
#.###.####


You could see Grinder and a dart slug.

Vanquished Creatures
  An orc wizard (D:3)
  Jessica (D:3)
  Ijyb (D:2)
  An adder (D:2)
  A worm (D:2)
  2 dart slugs (D:2)
  An orc (D:3)
  7 bats
  2 giant cockroaches
  8 jackals
  A ball python (D:2)
  15 goblins
  4 kobolds
  6 rats
51 creatures vanquished.

Notes
Turn   | Place    | Note
--------------------------------------------------------------
     0 | D:1      | Gottschkopf the Minotaur Fighter began the quest for the Orb.
     0 | D:1      | Reached XP level 1. HP: 19/19 MP: 0/0
   474 | D:1      | Reached skill level 4 in Shields
   504 | D:1      | Reached XP level 2. HP: 25/26 MP: 1/1
   924 | D:2      | Reached skill level 5 in Shields
  1132 | D:2      | Reached XP level 3. HP: 31/31 MP: 2/2
  1393 | D:2      | Noticed Ijyb
  1403 | D:2      | Killed Ijyb
  1403 | D:2      | Reached skill level 6 in Shields
  1403 | D:2      | Reached XP level 4. HP: 25/39 MP: 3/3
  1538 | D:2      | Found a deep blue altar of Sif Muna.
  1761 | D:3      | Noticed Jessica
  1764 | D:3      | Killed Jessica
  1798 | D:3      | Reached XP level 5. HP: 34/45 MP: 4/4
  1876 | D:3      | Reached skill level 7 in Shields
  1955 | D:3      | Noticed Grinder
  1976 | D:3      | Slain by Grinder

Vault maps used:
D:1:      dpeg_arrival_round_c, amethyst_killhole, minivault_19
D:2:      kennysheep_goblin_castle, lemuel_blue_sif_altar,
          minmay_misc_feat_more_columns, roderic_lattice_a, uniq_iyjb
D:3:      uniq_grinder, uniq_jessica

Skill      XL: |  1  2  3  4  5 |
---------------+----------------+-----
Shields        | 4 5 6 7 |  7.0
Fighting       | |  3.6
Long Blades    | |  2.4
Armour         | |  3.6

Action                   |  1- 3 |  4- 6 || total
-------------------------+-------+-------++-------
Melee: Long sword        |    80 |    37 ||   117
       Headbutt          |    16 |     7 ||    23
  Use: Scroll            |     3 |       ||     3
       Potion            |       |     1 ||     1
  Eat: Chunk             |     1 |     2 ||     3
Armor: Scale mail        |    53 |    12 ||    65
Dodge: Dodged            |    30 |    10 ||    40
Block: Shield            |    61 |    16 ||    77
